 Dungeon Crawl Stone Soup version 0.23-b1-6-ga921848b48 (webtiles) character file.

Game seed: 9156712219566360850

508 Ihlosi the Skirmisher (level 7, 0/44 HPs)
             Began as a Kobold Fighter on Feb 2, 2019.
             Slain by Duvessa
             ... wielding a +0 short sword of electrocution
              (9 damage)
             ... on level 4 of the Dungeon.
             The game lasted 00:08:01 (3885 turns).

Ihlosi the Skirmisher (Kobold Fighter)              Turns: 3885, Time: 00:08:01

Health: 0/44       AC:  8    Str: 15    XL:     7   Next: 42%
Magic:  7/7        EV: 10    Int:  9    God:
Gold:   229        SH:  9    Dex: 15    Spells: 6/6 levels left

rFire    + + .     SeeInvis .   a - +0 flail
rCold    + . .     Gourm    .   c - +0 shield
rNeg     . . .     Faith    .   b - +0 scale mail
rPois    .         Spirit   .   i - +0 helmet
rElec    .         Reflect  .   u - scarf {rC+ rF+}
rCorr    +         Harm     .   (no gloves)
MR       .....                  (no boots)
Stlth    ..........             (no amulet)
HPRegen  0.14/turn              l - ring of protection from fire
MPRegen  0.10/turn              o - ring of resist corrosion

@: invisible
A: small, carnivore
a: no special abilities


You were on level 4 of the Dungeon.
You were very full.

You visited 1 branch of the dungeon, and saw 4 of its levels.

You collected 229 gold pieces.

Inventory:

Hand Weapons
 a - a +0 flail (weapon)
 d - a +1 whip of freezing
 t - a +0 dagger
Missiles
 r - 39 poisoned needles
Armour
 b - a +0 scale mail (worn)
 c - a +0 shield (worn)
 i - a +0 helmet (worn)
 u - a scarf of resistance (worn)
Jewellery
 l - a ring of protection from fire (left hand)
 o - a ring of resist corrosion (right hand)
Wands
 w - a wand of iceblast (3)
 C - a wand of random effects (6)
Scrolls
 e - a scroll of immolation {unknown}
 g - 6 scrolls of identify {unknown}
 h - 2 scrolls of enchant weapon {unknown}
 k - a scroll of random uselessness {unknown}
 n - 4 scrolls of teleportation {unknown}
 p - a scroll of blinking {unknown}
 s - a scroll of fear {unknown}
 v - a scroll of magic mapping {unknown}
 x - a scroll of fog {unknown}
 y - a scroll of enchant armour {unknown}
Potions
 j - 3 potions of flight {unknown}
 m - 2 potions of curing {unknown}
 q - 2 potions of lignification {unknown}
 A - a potion of haste {unknown}
 B - a potion of might
Comestibles
 f - 7 rations


   Skills:
 * Level 4.3 Fighting
 * Level 4.3 Maces & Flails
 * Level 3.5 Armour
 * Level 2.5 Dodging
 * Level 3.7 Shields


You had 6 spell levels left.
You didn't know any spells.
Your spell library contained the following spells:

 Spells                   Type           Power        Failure   Level  Hunger
 Confusing Touch          Hex            #.....       100%        1    ##.....
 Confuse                  Hex            #.......     100%        3    ####...
 Gell's Gravitas          Tloc           #.........   100%        3    ####...
 Petrify                  Tmut/Erth      #.......     100%        4    #####..
 Metabolic Englaciation   Hex/Ice        #.........   100%        5    ######.
 Yara's Violent Unravell  Hex/Tmut       #.........   100%        5    ######.


Dungeon Overview and Level Annotations

Branches:
Dungeon (4/15)
 Temple: D:4-7

Altars:
Dithmenos
Elyvilon
Hepliaklqana
Okawaru
Wu Jian

Annotations:
D:4 Duvessa


Innate Abilities, Weirdness & Mutations

You are small and have problems with some larger weapons.
You are carnivorous and can eat meat at any time.


Message History

Evoke which item? (* to show all) (? for menu, Esc to quit)
Aiming: Random Effects
Press: ? - help, Shift-Dir - straight line, f - Duvessa
Aim: Duvessa, wielding a +0 short sword of electrocution and wearing a +0 ring mail (slow) Duvessa flickers and vanishes!
Deactivating autopickup; reactivate with Ctrl-A.
Something hits you but does no damage.
Evoke which item? (* to show all) (? for menu, Esc to quit)
Aiming: Random Effects
Press: ? - help, Shift-Dir - straight line, f - adder
Aim: an adder The fireball explodes!
The fireball engulfs something.
You resist. The fireball engulfs you.
The fireball engulfs the adder.
The adder is heavily wounded.
Something hits you but does no damage.
You are electrocuted!
You fade into invisibility!
Something hits you.
* * * LOW HITPOINT WARNING * * *
You are electrocuted!
You die...

#######..รท.########
.......)...........
#####.##.##.##.##.
#.......##.#
#.##.#####.# #
##.###.##
##....#####
#.........#####
.....###'###.(@{S#
#### #.# #.###......
.###.###.# #....
.###_..'.#####.###
.###.###.......r.
#.# #..####### #+#
#..# ...# ....#


You could see an adder.

Vanquished Creatures
  An ogre (D:4)
  Dowan (D:4)
  A howler monkey (D:4)
  A centaur zombie (D:3)
  2 orc priests (D:4)
  2 worker ants (D:4)
  2 orc wizards (D:4)
  Robin (D:2)
  2 adders (D:2)
  2 worms
  4 dart slugs
  4 leopard geckos
  2 orcs (D:4)
  9 bats
  2 giant cockroaches (D:2)
  13 hobgoblins
  3 quokkas
  6 frilled lizards
  18 goblins
  14 kobolds
  9 rats
99 creatures vanquished.

Notes
Turn   | Place    | Note
-------+----------+-------------------------------------------
     0 | D:1      | Ihlosi the Kobold Fighter began the quest for the Orb.
     0 | D:1      | Reached XP level 1. HP: 14/14 MP: 1/1
   496 | D:1      | Reached XP level 2. HP: 19/19 MP: 2/2
  1140 | D:2      | Found an ornate altar of the Wu Jian Council.
  1144 | D:2      | Reached XP level 3. HP: 19/23 MP: 3/3
  1199 | D:2      | Reached skill level 1 in Dodging
  1489 | D:2      | Reached XP level 4. HP: 25/28 MP: 4/4
  1863 | D:2      | Noticed Robin
  1878 | D:2      | Killed Robin
  1910 | D:2      | Reached XP level 5. HP: 30/33 MP: 5/5
  2539 | D:3      | Found a hazy altar of Hepliaklqana.
  2656 | D:3      | Found an iron altar of Okawaru.
  2844 | D:3      | Found a white marble altar of Elyvilon.
  3239 | D:4      | Reached XP level 6. HP: 35/38 MP: 6/6
  3276 | D:4      | Noticed an ogre
  3435 | D:4      | Killed an ogre
  3534 | D:4      | Reached XP level 7. HP: 43/43 MP: 7/7
  3837 | D:4      | Found a shadowy altar of Dithmenos.
  3844 | D:4      | Noticed Dowan
  3860 | D:4      | Noticed Duvessa
  3861 | D:4      | Killed Dowan
  3885 | D:4      | Slain by Duvessa

Skill      XL: |  1  2  3  4  5  6  7 |
---------------+----------------------+-----
Maces & Flails | 2 3 4 |  4.3
Dodging        | 1 2 |  2.5
Armour         | 3 |  3.5
Shields        | 3 |  3.7
Fighting       | 4 |  4.3

Action                   |  1- 3 |  4- 6 |  7- 9 || total
-------------------------+-------+-------+-------++-------
Melee: Flail             |   134 |   207 |    43 ||   384
Evoke: Wand              |       |       |     4 ||     4
  Use: Potion            |       |     3 |     1 ||     4
 Stab: Invisible         |       |     1 |       ||     1
  Eat: Chunk             |    10 |     7 |     1 ||    18
Armor: Scale mail        |    62 |    75 |    20 ||   157
Dodge: Dodged            |    70 |    90 |    12 ||   172
Block: Shield            |    73 |   120 |    20 ||   213
